 Dungeon Crawl Stone Soup version 0.31.0 (webtiles) character file.

Game seed: 6871613413812200194

78 qw the Shooter (level 4, 0/28 HPs)
             Began as a Gargoyle Hunter on Jan 19, 2024.
             Frozen to death by an endoplasm (2 damage)
             ... on level 3 of the Dungeon.
             The game lasted 00:00:06 (2062 turns).

qw the Shooter (Gargoyle Hunter)                    Turns: 2062, Time: 00:00:07

Health: 0/28       AC: 11    Str: 15    XL:     4   Next: 36%
Magic:  4/4        EV: 16    Int:  9    God:
Gold:   132        SH:  0    Dex: 15    Spells: 3/3 levels left

rFire   + + .        a - +0 shortbow
rCold   + . .        (shield currently unavailable)
rNeg    + . .        g - +0 ring mail
rPois   inf          (no helmet)
rElec   +            j - +2 cloak
rCorr   +            (no gloves)
SInv    .            (no boots)
Will    .....        (no amulet)
Stlth   +            h - ring of protection from fire
HPRegen 0.24/turn    k - +5 ring of evasion
MPRegen 0.09/turn

%: no passive effects
@: resistant
A: sickness immunity, AC +3, negative energy resistance 1, electricity
resistance, torment resistance 1, petrification resistance
a: no special abilities


You were on level 3 of the Dungeon.
You visited 1 branch of the dungeon, and saw 4 of its levels.

You collected 132 gold pieces.


Innate Abilities, Weirdness & Mutations

You are immune to sickness and miasma.
Your stone body is resilient. (AC +3)
You are immune to poison.
You resist negative energy. (rN+)
You are resistant to electric shocks. (rElec)
You are resistant to unholy torment.
You are immune to petrification.


   Skills:
 - Level 3.1 Fighting
 - Level 5.2 Ranged Weapons
 + Level 0.3 Armour
 - Level 1.5 Dodging
 - Level 1.1 Stealth


You had 3 spell levels left.
You didn't know any spells.
Your spell library was empty.

Inventory:

Hand Weapons
 a - a +0 shortbow (weapon)
Armour
 g - a +0 ring mail (worn)
 j - a +2 cloak (worn)
Jewellery
 h - a ring of protection from fire (left hand)
 k - a +5 ring of evasion (right hand)
Potions
 b - a potion of magic {unknown}
 d - a potion of mutation {unknown}
 e - a potion of degeneration {unknown}
 f - 2 potions of resistance
 i - a potion of curing

Dungeon Overview and Level Annotations

Branches:
Dungeon (4/15)
 Temple: D:4-7

Altars:
Ashenzari

Shops:
D:1 =


Message History

The endoplasm freezes you.
You are frozen.
You resist. The orc completely misses you.
The orc hits you but does no damage. x2; The endoplasm barely misses you.
You shoot an arrow. The arrow barely misses the orc.
The orc closely misses you. x2
The endoplasm freezes you.
You are frozen.
You resist. The orc hits you with a +0 mace.
You shoot an arrow. The arrow hits the orc!
You kill the orc!
The endoplasm freezes you.
You are frozen.
You resist. The orc hits you but does no damage. x2
You shoot an arrow. The arrow hits the orc.
The orc is heavily wounded.
The endoplasm closely misses you. The orc closely misses you.
The orc misses you.
You shoot an arrow. The arrow hits the orc.
The orc is almost dead.
The endoplasm closely misses you. The orc hits you with a +0 club.
The orc closely misses you. The endoplasm completely misses you.
The orc misses you. The orc barely misses you.
You shoot an arrow.
The arrow hits the orc but does no damage.
The orc is almost dead.
The endoplasm closely misses you. The orc closely misses you.
The orc hits you but does no damage.
You shoot an arrow. The arrow barely misses the orc.
The endoplasm hits you. The orc hits you with a +0 club.
The orc barely misses you.
You shoot an arrow. The arrow completely misses the orc.
The endoplasm freezes you.
You are frozen.
You resist. The orc hits you but does no damage. The orc completely misses you.
You shoot an arrow. The arrow closely misses the orc.
The endoplasm freezes you.
You are frozen.
You resist. The orc barely misses you. x2
The endoplasm barely misses you. The orc barely misses you. x2
You shoot an arrow. The arrow barely misses the orc.
The endoplasm freezes you.
You are frozen.
You resist.
You die...

#..# ##.#.## #.# #..#
####.###.#######.######## ##..#
#..^## ##.....#.......... ....#
#.##.###.#.##.#..######## ##.##
#.###.#.##.##.#..# #.# #.#
##.##...#.#..# ##.# #.#
#....#....<.#
...######.#######)..#.#.#######
#..............J@o............#
#...###.#.#.#####o..#.........#
#.#.......#.# ##.####.####..#
....###.###.# ###.# #.# #..#
#.### #.....#
#.).####.####..### ..# #######
#.###............. ###
#.###.#.#####..### #
#.#...#...# #..# # #...#####.#
#..#


You could see 2 orcs and an endoplasm.

Vanquished Creatures
  2 adders (D:2)
  A dart slug (D:1)
  6 orcs (D:3)
  3 ball pythons
  5 bats
  An endoplasm (D:1)
  2 giant cockroaches
  4 goblins
  A hobgoblin (D:3)
  10 jackals
  2 quokkas
  4 frilled lizards
  2 kobolds
  6 rats
49 creatures vanquished.

Notes
Turn   | Place    | Note
-------+----------+-------------------------------------------
     0 | D:1      | qw the Gargoyle Hunter began the quest for the Orb.
     0 | D:1      | Reached XP level 1. HP: 12/12 MP: 1/1
     0 | D:1      | 0 ||| qw: Version: 0.3-a-132-g3d54051
     0 | D:1      | 0 ||| qw: Game counter: 20
     0 | D:1      | 0 ||| qw: Melee chars always use a shield: true
     0 | D:1      | 0 ||| qw: God list: Okawaru
     0 | D:1      | 0 ||| qw: Allow faded altars: false
     0 | D:1      | 0 ||| qw: Do Orc after clearing Dungeon:15 true
     0 | D:1      | 0 ||| qw: Do second Lair branch before Depths: true
     0 | D:1      | 0 ||| qw: Lair rune preference: random
     0 | D:1      | 0 ||| qw: Goals: Normal
     0 | D:1      | 0 ||| PLANNING D:1-11
    47 | D:1      | Reached XP level 2. HP: 15/17 MP: 2/2
   302 | D:1      | Found Anaceuff's One-of-a-Kind Rings.
   307 | D:1      | 307 ||| SHOPLISTING +3 ring of dexterity (130 gold, have
                  | 17).
   307 | D:1      | 307 ||| SHOPLISTING +4 ring of strength (195 gold, have
                  | 17).
   307 | D:1      | 307 ||| SHOPLISTING +6 ring of protection (1014 gold, have
                  | 17).
   307 | D:1      | 307 ||| SHOPLISTING +8 ring of slaying (2600 gold, have
                  | 17).
   307 | D:1      | 307 ||| SHOPLISTING +8 ring of strength (715 gold, have
                  | 17).
   307 | D:1      | 307 ||| SHOPLISTING ring of Olouqe {rElec rPois rF+
                  | Will+++} (925 gold, have 17).
   634 | D:1      | 634 ||| READING scroll labelled UCHADA SEHEWUT.
   639 | D:1      | 639 ||| READING 2 scrolls labelled DAOFOLADES.
   640 | D:1      | 640 ||| DRINKING 2 ruby potions.
   745 | D:1      | 745 ||| DROPPING scroll of butterflies.
   746 | D:1      | 746 ||| DROPPING potion of berserk rage.
   747 | D:1      | 747 ||| DROPPING scroll of immolation.
   767 | D:2      | 767 ||| STAIRDANCE
   784 | D:2      | Reached XP level 3. HP: 12/21 MP: 3/3
   784 | D:2      | 784 ||| STAIRDANCE
   865 | D:2      | Reached skill level 5 in Ranged Weapons
  1118 | D:2      | Reached skill level 3 in Fighting
  1167 | D:2      | Found a broken altar of Ashenzari.
  1414 | D:2      | 1414 ||| UPGRADING to +2 cloak.
  1419 | D:2      | 1419 ||| UPGRADING to ring of protection from fire.
  1420 | D:2      | 1420 ||| UPGRADING to +5 ring of evasion.
  1421 | D:2      | 1421 ||| READING scroll labelled ZAACEK SUBUDE.
  1422 | D:2      | 1422 ||| READING scroll labelled KABLIP IWYATS.
  1422 | D:2      | 1422 ||| ENCHANTING +0 shortbow.
  1423 | D:2      | 1423 ||| READING scroll labelled NATHIU ZEIRUE.
  1424 | D:2      | 1424 ||| DRINKING 2 fizzy purple potions.
  1497 | D:3      | Reached XP level 4. HP: 28/28 MP: 4/4
  1593 | D:3      | Found a faded altar of an unknown god.
  1997 | D:3      | 1997 ||| UPGRADING to +0 ring mail.
  2007 | D:3      | 2007 ||| DROPPING +0 leather armour.
  2008 | D:3      | 2008 ||| DRINKING 3 fuming orange potions.
  2039 | D:4      | 2039 ||| STAIRDANCE
  2050 | D:4      | 2050 ||| STAIRDANCE
  2057 | D:3      | HP: 7/28 [orc/+0 club (2)]
  2059 | D:3      | HP: 3/28 [orc/+0 club (2)]
  2062 | D:3      | Frozen to death by an endoplasm

Levels and vault maps discovered:
D:1:      psy_arrival_spokes, layout_loops_ring, nicolae_shop_unique_rings
D:2:      layout_loops_ring, basic_altar, chequers_decorated_corner,
          nicolae_twisty_statue_hallways
D:3:      layout_loops_ring, ebering_ecumenical_altar_hall,
          dreamdust_wishing_well, minmay_cupped
D:4:      kennysheep_goblin_castle, layout_loops_ring, serial_bayou,
          serial_bayou_pond_e, serial_bayou_shore_a, serial_bayou_pond_a,
          serial_bayou_ford_a

Skill      XL: |  1  2  3 |
---------------+----------+-----
Ranged Weapons | 5 |  5.2
Fighting       | 3 |  3.1
Armour         | |  0.3
Dodging        | |  1.5
Stealth        | |  1.1

Action                     |  1- 3 |  4- 6 || total
---------------------------+-------+-------++-------
   Fire: Shortbow          |    81 |    47 ||   128
    Use: Scroll            |     5 |       ||     5
         Potion            |     2 |     1 ||     3
 Armour: Leather armour    |    34 |     6 ||    40
         Ring mail         |       |    14 ||    14
  Dodge: Dodged            |    38 |    60 ||    98

Table legend:
 A = Non-vault XP
 B = Vault XP
 C = Vault XP percentage of total XP
 D = Non-vault monster count
 E = Vault monster count
 F = Vault count percentage of total count
                 A         B        C        D         E       F
            +---------+---------+-------+---------+---------+-------
      Total |     110 |       2 |   1.8 |      48 |       1 |   2.0
            +---------+---------+-------+---------+---------+-------
        D:1 |      29 |       0 |   0.0 |      17 |       0 |   0.0
        D:2 |      50 |       0 |   0.0 |      17 |       0 |   0.0
        D:3 |      31 |       2 |   6.1 |      14 |       1 |   6.7
            +---------+---------+-------+---------+---------+-------
